 Dungeon Crawl Stone Soup version 0.30.0-5-g1a98f26d00 (webtiles) character file.

Game seed: 4750460731316488568

2970 NinjaNoafa the Covert (level 9, 0/46 HPs)
             Began as a Vine Stalker Fire Elementalist on May 11, 2023.
             Was a Follower of Wu Jian.
             Slain by a water moccasin (1 damage)
             ... on level 6 of the Dungeon.
             The game lasted 00:14:10 (5566 turns).

NinjaNoafa the Covert (VSFE)                        Turns: 5566, Time: 00:14:11

Health: 0/46       AC:  5    Str: 11    XL:     9   Next: 82%
Magic:  0/13       EV: 15    Int: 15    God:    Wu Jian [*.....]
Gold:   368        SH:  7    Dex: 25    Spells: 11/12 levels left

rFire   . . .        a - +3 dagger (drain)
rCold   . . .        o - +0 buckler
rNeg    . . .        f - +1 animal skin
rPois   .            q - +0 helmet
rElec   .            (no cloak)
rCorr   .            t - +0 pair of gloves
SInv    .            (no boots)
Will    +....        (no amulet)
Stlth   ++++         w - +6 ring of dexterity
HPRegen 1.07/turn    (no ring)
MPRegen 0.13/turn

%: guardian spirit
@: lethally poisoned (0 -> -2), about to teleport
A: fangs 3, regeneration 1, magic shield, antimagic bite, no potion heal 2
a: Renounce Religion


You were on level 6 of the Dungeon.
You worshipped Wu Jian.
Wu Jian was aware of your devotion.
You visited 2 branches of the dungeon, and saw 8 of its levels.

You collected 368 gold pieces.

Inventory:

Hand Weapons
 a - a +3 dagger of draining (weapon)
 b - a +0 dagger of holy wrath
Missiles
 h - 4 boomerangs of dispersal
 n - 7 poisoned darts
 v - a boomerang
Armour
 f - a +1 animal skin (worn)
 o - a +0 buckler (worn)
 q - a +0 helmet (worn)
 t - a +0 pair of gloves (worn)
Jewellery
 w - a +6 ring of dexterity (left hand)
Wands
 A - a wand of paralysis (5)
 B - a wand of iceblast (14)
Scrolls
 c - a scroll of enchant armour {unknown}
 e - 2 scrolls of noise
 g - a scroll of teleportation
 i - a scroll of poison {unknown}
 j - 2 scrolls of vulnerability {unknown}
 k - a scroll of torment {unknown}
 p - a scroll of brand weapon {unknown}
 r - a scroll of magic mapping {unknown}
 s - a scroll of fog {unknown}
 u - a scroll of fear {unknown}
 y - a scroll of acquirement {unknown}
 z - 2 scrolls of amnesia {unknown}
Potions
 d - a potion of brilliance
 l - a potion of cancellation
 m - 2 potions of lignification


   Skills:
 + Level 4.7 Fighting
 + Level 6.8 Short Blades
 + Level 4.4 Dodging
 - Level 8.0 Stealth
 - Level 5.0 Shields
 - Level 2.1 Spellcasting
 - Level 1.0 Conjurations
 - Level 3.0 Fire Magic


You had 11 spell levels left.
You knew the following spells:

 Your Spells              Type           Power      Damage    Failure   Level
a - Foxfire               Conj/Fire      28%        2x1d5     13%         1

Your spell library contained the following spells:

 Spells                   Type           Power      Damage    Failure   Level
 Scorch                   Fire           20%        2d5       13%         2
 Beastly Appendage        Tmut           2%         N/A       30%         1
 Wereblood                Tmut           1%         N/A       41%         2
 Inner Flame              Hex/Fire       6%         N/A       43%         3
 Volatile Blastmotes      Fire/Tloc      12%        2d11      43%         3
 Frozen Ramparts          Ice            2%         1d1       65%         3
 Spider Form              Tmut/Pois      1%         N/A       65%         3
 Flame Wave               Conj/Fire      7%         2d5       78%         4
 Ice Form                 Ice/Tmut       1%         N/A       96%         4
 Summon Ice Beast         Ice/Summ       1%         N/A       96%         4


Dungeon Overview and Level Annotations

Branches:
Dungeon (7/15) Zot: 26868  Temple (1/1) D:5 Zot: 5982

Altars:
Ashenzari
Cheibriados
Dithmenos
Elyvilon
Gozag
Hepliaklqana
Kikubaaqudgha
Makhleb
Okawaru
Qazlal
Ru
Sif Muna
Trog
Wu Jian
Xom
Yredelemnul
The Shining One

Annotations:
D:7 Duvessa, Joseph, Prince Ribbit


Innate Abilities, Weirdness & Mutations

You have razor-sharp teeth.
Your natural rate of healing is unusually fast.
When hurt, damage is shared between your health and your magic reserves.
Your bite disrupts and absorbs the magic of your enemies.
Potions cannot restore your health.


Message History

You spin and attack the shadow.
You hit the shadow but do no damage.
Duvessa, Sister of Dowan comes into view.
She is wielding a +0 short sword.
The shadow misses you. The shadow attacks as you move away!
The shadow hits you! The water moccasin bites you.
You are poisoned.
The water moccasin poisons you!
There is a stone staircase leading up, spattered with blood here.
You are no longer corroded.
You feel very sick. You block the water moccasin's attack.
The shadow barely misses you.
You climb upwards.
You feel very sick.
There is a stone staircase leading down here.
Okay, then.
The water moccasin attacks as you move away!
You block the water moccasin's attack. The shadow attacks as you move away!
The shadow hits you.
* * * LOW HITPOINT WARNING * * *
You feel sick. The water moccasin bites you.
* * * LOW HITPOINT WARNING * * *
You are more poisoned.
The water moccasin poisons you!
Unknown command.
The water moccasin attacks as you move away!
The water moccasin bites you but does no damage.
You feel very sick.
Unknown command.
As you read the scroll labelled ICWANU CAGUCK, it crumbles to dust.
You feel strangely unstable.
It was a scroll of teleportation.
You feel very sick. The water moccasin bites you!
* * * LOW HITPOINT WARNING * * *
Really quaff the potion of lignification?
Okay, then.
Okay, then.
You closely miss the water moccasin.
* * * LOW HITPOINT WARNING * * *
You feel sick. The water moccasin bites you.
You die...

....#######.#####
.##..## #.# .##.#.#
#.# ....### #.####
##.#..# #....#
#.##..# #####.#
....### ##...#.#
.##..## #.....W####
.##.#.# #.....#S@.#
....### #>.....##.#
##.#..####...#(##.#
#.##........##.##.#
....##########.##.#
.##..## ####.##.#
.##.#.# #....##.###
....### #.#####...#
##.#..#####.# ###.#


You could see a water moccasin and a shadow.

Vanquished Creatures
  A two-headed ogre (D:6)
  Pikel (D:6)
  A wyvern (D:6)
  Eustachio (D:6)
  An ice beast (D:7)
  An ogre (D:4)
  A black bear (D:6)
  A lemure (D:6)
  A phantom (D:6)
  2 bullfrogs (D:7)
  A scorpion (D:4)
  4 killer bees (D:7)
  3 howler monkeys (D:7)
  A hound (D:5)
  5 jellies
  2 orc priests
  A sleepcap (D:5)
  Jessica (D:2)
  Natasha (twice) (D:4)
  4 iguanas
  6 orc wizards
  Robin (D:2)
  7 gnolls (D:4)
  7 adders
  A shadow imp (D:6)
  A worm (D:3)
  7 dart slugs
  16 orcs
  10 ball pythons
  7 endoplasms
  4 giant cockroaches
  12 goblins
  8 hobgoblins
  4 jackals (D:4)
  5 quokkas
  11 bats
  7 frilled lizards
  7 kobolds
  2 rats (D:2)
158 creatures vanquished.

Vanquished Creatures (others)
  A bat (D:2)
  211 foxfires
212 creatures vanquished.

Grand Total: 370 creatures vanquished

Notes
Turn   | Place    | Note
-------+----------+-------------------------------------------
     0 | D:1      | NinjaNoafa the Vine Stalker Fire Elementalist began the
                  | quest for the Orb.
     0 | D:1      | Reached XP level 1. HP: 9/9 MP: 4/4
    85 | D:1      | Reached skill level 1 in Fighting
   172 | D:1      | Reached XP level 2. HP: 9/14 MP: 4/6
   232 | D:1      | Reached skill level 3 in Stealth
   464 | D:1      | Reached XP level 3. HP: 18/18 MP: 5/7
   640 | D:1      | Reached skill level 4 in Stealth
  1073 | D:2      | Reached skill level 1 in Shields
  1087 | D:2      | Noticed Robin
  1090 | D:2      | Gained mutation: Your natural rate of healing is unusually
                  | fast. [Vine Stalker growth]
  1090 | D:2      | Reached XP level 4. HP: 21/22 MP: 6/8
  1173 | D:2      | Killed Robin
  1335 | D:2      | Noticed Jessica
  1341 | D:2      | Killed Jessica
  1342 | D:2      | Reached skill level 5 in Stealth
  1342 | D:2      | Reached XP level 5. HP: 25/25 MP: 5/9
  2253 | D:3      | Found a faded altar of an unknown god.
  2301 | D:3      | Reached XP level 6. HP: 24/30 MP: 1/10
  2381 | D:3      | Reached skill level 1 in Short Blades
  2391 | D:3      | Found a shimmering altar of Xom.
  2669 | D:4      | Found an iron altar of Okawaru.
  2755 | D:4      | Found a stormy altar of Qazlal.
  3033 | D:4      | Found a basalt altar of Yredelemnul.
  3035 | D:4      | Found a white marble altar of Elyvilon.
  3200 | D:4      | Noticed Natasha
  3207 | D:4      | Killed Natasha
  3378 | D:4      | Noticed Natasha
  3394 | D:4      | Killed Natasha
  3395 | D:4      | Reached XP level 7. HP: 33/33 MP: 11/11
  3769 | D:5      | Entered Level 5 of the Dungeon
  3949 | D:5      | Reached skill level 5 in Shields
  4198 | D:5      | Found a staircase to the Ecumenical Temple.
  4453 | Temple   | Entered the Ecumenical Temple
  4616 | Temple   | Became a worshipper of the Wu Jian Council
  4646 | D:6      | Noticed a two-headed ogre
  4717 | D:6      | Gained mutation: You have razor-sharp teeth. [Vine Stalker
                  | growth]
  4717 | D:6      | Reached XP level 8. HP: 37/37 MP: 12/12
  4770 | D:6      | Noticed a wyvern
  4788 | D:6      | Reached skill level 5 in Short Blades
  4816 | D:6      | Killed a wyvern
  5103 | D:6      | Killed a two-headed ogre
  5104 | D:6      | Reached skill level 6 in Stealth
  5104 | D:6      | Reached XP level 9. HP: 26/44 MP: 7/13
  5128 | D:6      | Noticed Eustachio
  5160 | D:6      | Killed Eustachio
  5160 | D:6      | Reached * piety under Wu Jian
  5176 | D:6      | Noticed Pikel
  5198 | D:6      | Killed Pikel
  5199 | D:6      | Reached skill level 7 in Stealth
  5486 | D:7      | Reached skill level 8 in Stealth
  5551 | D:7      | Noticed Joseph
  5558 | D:7      | Noticed Prince Ribbit
  5559 | D:7      | Noticed Duvessa
  5565 | D:6      | HP: 2/46 [water moccasin (5)]
  5566 | D:6      | Slain by a water moccasin

Illustrated notes

Levels and vault maps discovered:
D:1:      amcnicky_arrival_abandoned_market, layout_basic
D:2:      layout_loops_ring, lemuel_flame_loot_1, uniq_jessica, uniq_robin
D:3:      cheibrodos_helix_gallery, layout_loops_ring,
          mainiacjoe_overflow_catwalk, hellmonk_ecumenical_altar_arch_garden,
          st_stairs_7
D:4:      layout_cave_pods, lemuel_crystal_altar, lemuel_doored_altar,
          nicolae_overflow_hidden_temple, uniq_natasha
D:5:      layout_cave_pools, minmay_temple_entry_statues_pillars,
          serial_co_window_serial, co_window_corner_a, co_window_paths_a,
          co_window_paths_b, co_window_paths_a, co_window_of_opportunity_a,
          co_window_unsneaky_path_e, co_window_paths_c, co_window_cross_4,
          co_window_broadway_c, co_window_4corner_a, co_window_4corner_b
D:6:      layout_loops_ring, nicolae_eternal_life, uniq_eustachio, uniq_pikel
D:7:      layout_cave_pools, kennysheep_pointless_box, uniq_duvessa,
          uniq_joseph, uniq_prince_ribbit1
Temple:   nicolae_temple_no_exploring_needed

Skill      XL: |  1  2  3  4  5  6  7  8  9 |
---------------+----------------------------+-----
Fighting       | 1 3 4 |  4.7
Stealth        | 3 4 5 6 8 |  8.0
Shields        | 1 2 3 4 5 |  5.0
Short Blades   | 2 4 5 6 |  6.8
Dodging        | 3 4 |  4.4
Spellcasting   | |  2.1
Conjurations   | |  1.0
Fire Magic     | |  3.0

Action                     |  1- 3 |  4- 6 |  7- 9 || total
---------------------------+-------+-------+-------++-------
  Melee: Short sword       |    59 |    31 |       ||    90
         Bite              |    12 |    36 |    55 ||   103
         Dagger            |       |    87 |   210 ||   297
   Cast: Foxfire           |    51 |    91 |     2 ||   144
Ability: Lunge             |       |       |    19 ||    19
         Whirlwind         |       |       |    29 ||    29
    Use: Scroll            |     3 |       |     2 ||     5
         Potion            |     1 |     2 |     2 ||     5
   Stab: Sleeping          |     4 |     8 |     6 ||    18
         Distracted        |       |       |     1 ||     1
         Invisible         |       |       |     1 ||     1
 Armour: Robe              |    18 |     6 |       ||    24
         Animal skin       |       |    31 |    27 ||    58
         Skin              |       |       |    10 ||    10
  Dodge: Dodged            |    57 |    75 |    84 ||   216
  Block: Buckler           |     2 |    36 |    53 ||    91
